 Dungeon Crawl Stone Soup version 0.19-a0-376-gf780d9b (webtiles) character file.

549 mistymad the Sneak (level 7, -2/52 HPs)
             Began as a Vampire Enchanter on May 30, 2016.
             Slain by an orc
             ... wielding a +0 club
              (4 damage)
             ... on level 4 of the Dungeon.
             The game lasted 00:18:32 (4739 turns).

mistymad the Sneak (Vampire Enchanter)              Turns: 4739, Time: 00:18:33

Health: -2/52      AC:  4    Str:  5 (7)  XL:     7   Next: 7%
Magic:  1/11       EV: 13    Int: 19 (22) God:
Gold:   114        SH:  0    Dex: 14 (17) Spells: 4 memorised, 3 levels left

rFire  . . .     SeeInvis +     a - +1 dagger
rCold  + . .     Gourm    .     b - +1 robe
rNeg   + + .     Faith    .     (no shield)
rPois  +         Spirit   .     (no helmet)
rElec  .         Dismiss  .     (no cloak)
rCorr  .         Reflect  .     (no gloves)
SustAt .         Harm     .     h - +0 pair of boots
MR     .....                    (no amulet)
Stlth  ++++......               (no ring)
                                (no ring)

@: brilliant, regenerating slowly, not resistant to hostile enchantments,
stealthy
A: fangs 3, see invisible, unbreathing
a: Bat Form


You were on level 4 of the Dungeon.
You were thirsty.

You visited 1 branch of the dungeon, and saw 4 of its levels.

You collected 114 gold pieces.

Inventory:

Hand Weapons
 a - a +1 dagger (weapon)
Missiles
 v - a throwing net (quivered)
Armour
 b - a +1 robe (worn)
 h - a +0 pair of boots (worn)
Jewellery
 j - an uncursed ring of stealth {unknown}
 t - a cursed ring of teleportation {unknown}
Wands
 m - a wand of paralysis (5/24)
 r - a wand of hasting (2/9)
Scrolls
 e - 4 scrolls of identify {unknown}
 g - a scroll of recharging {unknown}
 i - 2 scrolls of blinking {unknown}
 k - a scroll of remove curse {unknown}
 l - a scroll of random uselessness {unknown}
 n - a scroll of immolation {unknown}
 p - a scroll of teleportation {unknown}
 q - a scroll of fog {unknown}
 u - a scroll of magic mapping {unknown}
 w - a scroll of enchant weapon {unknown}
Potions
 d - 8 potions of blood
 o - a potion of brilliance
 s - a potion of mutation {unknown}
Books
 c - a book of Maledictions

   Spells                             Type                      Level
   a - Corona                         Hexes                        1
   b - Ensorcelled Hibernation        Hexes/Ice                    2
   c - Confuse                        Hexes                        3
   d - Tukima's Dance                 Hexes                        3
   e - Dazzling Spray                 Conjuration/Hexes            3


   Skills:
 * Level 3.4 Fighting
 + Level 3.2 Short Blades
 + Level 3.5 Dodging
 + Level 6.2 Stealth
 + Level 3.1 Spellcasting
 + Level 6.0 Hexes


You had 3 spell levels left.
You knew the following spells:

 Your Spells              Type           Power        Failure   Level  Hunger
a - Corona                Hex            #####..      1%          1    None
b - Ensorcelled Hibernat  Hex/Ice        ####..       1%          2    ##.....
c - Confuse               Hex            #####...     1%          3    ###....
d - Tukima's Dance        Hex            #####...     1%          3    ###....


Dungeon Overview and Level Annotations

Branches:
Dungeon (4/15)
 Temple: D:4-7

Altars:
Trog


Innate Abilities, Weirdness & Mutations

You heal slowly.
You have razor-sharp teeth.
You have supernaturally acute eyesight. (SInv)
You can survive without breathing.


Message History

The orc priest calls down the wrath of Beogh upon you.
Beogh smites you!
* * * LOW HITPOINT WARNING * * *
You take 15 damage, and have 15/52 hp.
MASSIVE DAMAGE!!
You hit the orc priest.
You bite the orc priest, but do no damage.
The orc priest is almost dead.
The orc completely misses you.
The orc priest invokes the aid of Beogh against you.
Pain shoots through your body!
* * * LOW HITPOINT WARNING * * *
You take 13 damage, and have 2/52 hp.
MASSIVE DAMAGE!!
It was a potion of brilliance.
You feel clever all of a sudden. The orc completely misses you.
The orc priest barely misses you.
It was a potion of degeneration.
There was something very wrong with that liquid.
You feel weakened.
You feel dopey.
You feel clumsy. The orc hits you with a club.
You die...

....#....'.........+....#
....#....#....##..###.###
....#....#######..###.#
#####..........#......#
...............#......#
...............#.....)#
...............#.)#####
.......g.......#..#
.....####......#@.#
.....#..#......oo.#
.....#..#.....(#..#
.....#..#....(.####
...).(..#).....#
.....#..#......#
.....####......#
....)[.........#
...............#


You could see an orc priest and an orc.

Vanquished Creatures
  Sigmund (D:4)
  Purgy (D:3)
  2 orc priests
  A centaur skeleton (D:4)
  An iguana (D:4)
  A worker ant (D:4)
  A hound skeleton (D:4)
  7 gnolls
  An adder (D:2)
  A worm (D:2)
  2 dart slugs
  3 giant geckos
  7 orcs
  3 ball pythons
  3 bats (D:3)
  8 hobgoblins
  4 quokkas
  A giant cockroach zombie (D:3)
  3 giant newts
  6 goblins
  4 kobolds
  27 rats
88 creatures vanquished.

Notes
Turn   | Place    | Note
--------------------------------------------------------------
     0 | D:1      | mistymad the Vampire Enchanter began the quest for the Orb.
     0 | D:1      | Reached XP level 1. HP: 13/13 MP: 3/3
   292 | D:1      | Reached XP level 2. HP: 20/20 MP: 5/5
   621 | D:1      | Learned a level 2 spell: Ensorcelled Hibernation
  1197 | D:2      | Reached skill level 1 in Fighting
  1197 | D:2      | Reached XP level 3. HP: 26/26 MP: 6/6
  1211 | D:2      | Learned a level 3 spell: Confuse
  1985 | D:3      | Noticed Purgy
  2015 | D:3      | Killed Purgy
  2015 | D:3      | Reached skill level 5 in Stealth
  2015 | D:3      | Reached skill level 5 in Hexes
  2015 | D:3      | Reached XP level 4. HP: 19/33 MP: 0/7
  2015 | D:3      | Reached XP level 5. HP: 22/38 MP: 0/8
  2398 | D:3      | Found a bloodstained altar of Trog.
  3008 | D:3      | Learned a level 3 spell: Tukima's Dance
  3522 | D:4      | Noticed a slave
  3607 | D:4      | Reached XP level 6. HP: 46/46 MP: 3/10
  4511 | D:4      | Noticed Sigmund
  4541 | D:4      | Killed Sigmund
  4554 | D:4      | Reached XP level 7. HP: 36/52 MP: 0/11
  4737 | D:4      | HP: 2/52 [orc priest/nerve-wracking pain (13)]
  4739 | D:4      | Slain by an orc

Vault maps used:
D:1:      ncdulo_wetmaze
D:2:      kennysheep_generic_room_3
D:3:      lightli_temple_of_fire, minmay_rat_hole, uniq_purgy
D:4:      minmay_misc_feat_hallway, uniq_sigmund, uniq_pikel

Skill      XL: |  1  2  3  4  5  6 |
---------------+-------------------+-----
Fighting       | 1 2 3 |  3.4
Short Blades   | 2 3 |  3.2
Stealth        | 5 6 |  6.2
Hexes          | 5 6 |  6.0
Dodging        | 3 |  3.5
Spellcasting   | 3 |  3.1

Action                   |  1- 3 |  4- 6 |  7- 9 || total
-------------------------+-------+-------+-------++-------
Melee: Dagger            |   106 |   223 |    24 ||   353
       Bite              |    10 |    21 |     6 ||    37
 Cast: Corona            |     4 |     1 |       ||     5
       Confuse           |     2 |    21 |     4 ||    27
       Ensorcelled Hiber |     1 |    18 |     1 ||    20
  Use: Potion            |       |     8 |     3 ||    11
 Stab: Sleeping          |    13 |    17 |       ||    30
       Confused          |     2 |     7 |     1 ||    10
Armor: Robe              |    16 |    30 |     1 ||    47
Dodge: Dodged            |    60 |   113 |    17 ||   190
